 Dungeon Crawl Stone Soup version 0.27.1-4-g1640c2035a (webtiles) character file.

Game seed: 13077088684105740124

39 bearlyready the Cutter (level 3, 0/23 HPs)
             Began as a Kobold Berserker on Nov 17, 2021.
             Was a Follower of Trog.
             Slain by a gnoll (7 damage)
             ... on level 2 of the Dungeon.
             The game lasted 00:02:07 (1302 turns).

bearlyready the Cutter (Kobold Berserker)           Turns: 1302, Time: 00:02:08

Health: 0/23       AC:  3    Str: 14    XL:     3   Next: 70%
Magic:  3/3        EV: 14    Int:  8    God:    Trog [*.....]
Gold:   28         SH:  0    Dex: 15    Spells: 2/2 levels left

rFire    . . .     SeeInvis .   h - +2 dagger (venom)
rCold    . . .     Faith    .   (shield restricted)
rNeg     . . .     Spirit   .   f - +0 leather armour
rPois    .         Reflect  .   e - +0 hat
rElec    .         Harm     .   (no cloak)
rCorr    .         Rampage  .   (no gloves)
Will     .....                  (no boots)
Stlth    ++........             (no amulet)
HPRegen  0.07/turn              (no ring)
MPRegen  0.08/turn              (no ring)

@: no status effects
A: small, no large weapons, nightstalker 3
a: Renounce Religion, Berserk


You were on level 2 of the Dungeon.
You worshipped Trog.
Trog was aware of your devotion.
You visited 1 branch of the dungeon, and saw 2 of its levels.

You collected 28 gold pieces.

Inventory:

Hand Weapons
 a - a +0 short sword
 h - a +2 dagger of venom (weapon)
Armour
 b - a +0 animal skin
 e - a +0 hat (worn)
 f - a +0 leather armour (worn)
Scrolls
 c - 3 scrolls of summoning {unknown}
 d - a scroll of identify {unknown}
 g - a scroll of amnesia {unknown}
 i - a scroll of silence {unknown}
 j - a scroll of noise {unknown}
 k - 3 scrolls of enchant weapon {unknown}
 l - a scroll of magic mapping {unknown}


   Skills:
 - Level 3.2 Fighting
 + Level 5.9 Short Blades
 - Level 1.5 Armour
 - Level 2.4 Dodging


You had 2 spell levels left.
You didn't know any spells.
Your spell library was empty.

Dungeon Overview and Level Annotations

Branches:
Dungeon (2/15)

Altars:


Innate Abilities, Weirdness & Mutations

You are small and have problems with some larger weapons.
You are completely attuned to the shadows.


Message History

A kobold is nearby!
A kobold is nearby!
The kobold shouts!
You completely miss the kobold. The kobold closely misses you.
You hit the kobold.
The kobold is poisoned.
The kobold is moderately wounded.
You completely miss the kobold.
The kobold is moderately wounded.
The kobold misses you.
You barely miss the kobold.
The kobold is moderately wounded.
The kobold hits you with a +0 club.
You closely miss the kobold.
The kobold is moderately wounded.
The kobold misses you.
You hit the kobold but do no damage.
The kobold looks as sick as possible!
The kobold is moderately wounded.
You hit the kobold.
You kill the kobold!
Trog accepts your kill.
You see here a +0 club.
No target in view!
Found a scroll labelled JIRANO QAUH.
l - a scroll labelled JIRANO QAUH A gnoll comes into view.
It is wielding a +0 spear.
The gnoll shouts!
A frilled lizard comes into view.
There are monsters nearby!
There are monsters nearby!
A gnoll comes into view. It is wielding a +0 whip.
The gnoll closely misses you.
The gnoll hits you from afar with a +0 spear!
You are too injured to fight recklessly!
You are too injured to fight recklessly!
The gnoll misses you.
You hit the gnoll.
The gnoll is poisoned.
The gnoll is lightly wounded.
The gnoll hits you with a +0 spear!
The gnoll hits you from afar with a +0 spear!
You die...

#########.#
........#.#.#
.....##.#.#.# ...
#.###.##.#<#.##..#
#.##.............#
#.###.##.#.).##..##.
#.###.##.#..........
#..g.@.......##..##
#.###............###
.....######.#.#.#......
#..#.##................
........<...........###
#g ..#######..#.#...#
#..#.#...# #..#.#....
#..#.#...#


You could see a gnoll (very poisoned).

Vanquished Creatures
  An adder (D:2)
  2 ball pythons (D:1)
  3 endoplasms (D:1)
  3 goblins (D:1)
  3 hobgoblins (D:1)
  3 jackals (D:1)
  2 quokkas (D:1)
  4 frilled lizards (D:1)
  3 kobolds
  4 rats (D:1)
28 creatures vanquished.

Notes
Turn   | Place    | Note
-------+----------+-------------------------------------------
     0 | D:1      | bearlyready the Kobold Berserker began the quest for the
                  | Orb.
     0 | D:1      | Reached XP level 1. HP: 14/14 MP: 1/1
    65 | D:1      | Reached XP level 2. HP: 19/19 MP: 2/2
   253 | D:1      | Reached skill level 5 in Short Blades
   826 | D:1      | Found a faded altar of an unknown god.
   964 | D:1      | Reached XP level 3. HP: 17/23 MP: 3/3
  1302 | D:2      | Slain by a gnoll

Illustrated notes

Levels and vault maps discovered:
D:1:      eino_arrival_druids_welcome, layout_basic,
          shapermc_ecumenical_altar_mp_vishouse
D:2:      layout_basic

Skill      XL: |  1  2 |
---------------+-------+-----
Short Blades   | 5 |  5.9
Fighting       | |  3.2
Armour         | |  1.5
Dodging        | |  2.4

Action                   || total
-------------------------++-------
Melee: Short sword       ||    34
       Dagger            ||    37
Invok: Berserk           ||     1
 Stab: Sleeping          ||     6
Armor: Leather armour    ||     5
Dodge: Dodged            ||    38
